AoeStats
← BillaBong

Four Lakes

509288382Analyzed
1v1 RM · 5d ago on Sep 26, 2026· 23m 50s· 2 players
Game mode
Random Map
Map size
Tiny (2 player)
Population
200
Speed
Normal
Resources
Standard
Victory
Conquest
Starting age
Dark Age
Ending age
Imperial Age
RankedLock teamsTeams togetherTeam positionsShared explorationLock speedFull tech treeHidden civsTurbo modeCheats
Victory
Defeat
🇳🇿 Huns · New Zealand
982
+16
🇦🇷 Japanese · Argentina
980
-16
HUGO QPA
0:34 Loom
2:46 Loom
12:20 Feudal Age
12:49 Town Watch
19:17 Castle Age
17:37 Double-Bit Axe
18:03 Horse Collar
19:09 Fishing Lines
20:10 Fletching
20:21 Gillnets
21:19 Bow Saw
21:52 Bodkin Arrow
23:36 Thumb Ring
BillaBong
10:21 Feudal Age
8:36 Loom
11:06 Double-Bit Axe
11:40 Horse Collar
13:22 Wheelbarrow
17:03 Castle Age
16:42 Bloodlines
16:24 Fletching
16:32 Gold Mining
17:50 Husbandry
18:00 Bodkin Arrow
18:42 Fishing Lines
20:06 Husbandry
20:54 Thumb Ring
21:11 Light Cavalry
21:54 Town Watch
23:33 Gillnets
24:00 Bow Saw
23:32 Horse Collar
Connection lost

Rejoining the realm…

Still unreachable

The connection could not be restored.

Session expired

The server has moved on; the page needs a fresh start.